AoeStats
← Herby

Arena

509278912Analyzed
4v4 RM · 7d ago on Sep 26, 2026· 50m 8s· 8 players
Game mode
Random Map
Map size
Large (8 player)
Population
200
Speed
Normal
Resources
Standard
Victory
Conquest
Starting age
Dark Age
Ending age
Imperial Age
RankedLock teamsTeams togetherTeam positionsShared explorationLock speedFull tech treeHidden civsTurbo modeCheats
Victory
Defeat
🇲🇽 Varangians · Mexico
1438
+14
🇲🇽 Saxons · Mexico
1409
+16
🇦🇺 Danes · Australia
1395
+16
🇲🇽 Britons · Mexico
1259
+23
🇲🇽 Danes · Mexico
1420
-18
🇲🇽 Vikings · Mexico
1410
-18
🇲🇽 Celts · Mexico
1387
-17
🇨🇳 Teutons · China
1376
-16
iiiiice
6:25 Loom
8:59 Feudal Age
22:45 Castle Age
20:42 Double-Bit Axe
21:08 Horse Collar
23:52 Bow Saw
30:50 Gold Mining
32:03 Wheelbarrow
33:14 Fletching
37:37 Imperial Age
34:49 Elite Skirmisher
35:29 Bodkin Arrow
35:38 Padded Archer Armor
37:10 Scale Barding Armor
37:47 Bloodlines
38:17 Chain Barding Armor
38:08 Forging
37:46 Cavalier
39:37 Plate Barding Armor
41:34 Paladin
oldnoob2024
10:59 Feudal Age
12:53 Loom
15:19 Castle Age
14:03 Double-Bit Axe
13:59 Horse Collar
14:37 Town Watch
16:46 Bow Saw
16:38 Heavy Plow
22:01 Wheelbarrow
22:39 Gold Mining
24:17 Stone Mining
25:50 Hand Cart
30:13 Imperial Age
28:26 Fletching
29:11 Forging
29:17 Scale Mail Armor
29:13 Pikeman
29:39 Arson
30:59 Chain Mail Armor
31:20 Iron Casting
31:10 Furor Celtica
31:21 Conscription
30:45 Halberdier
31:36 Heavy Scorpion
33:03 Plate Mail Armor
34:53 Blast Furnace
34:14 Bodkin Arrow
34:35 Masonry
35:33 Husbandry
38:09 Ballistics
38:50 Chemistry
39:18 Siege Engineers
39:48 Elite Woad Raider
40:26 Capped Ram
42:11 Siege Ram
[Pb] Komodo 3000
10:16 Feudal Age
10:53 Loom
13:52 Castle Age
12:24 Double-Bit Axe
13:03 Gold Mining
14:10 Horse Collar
15:34 Bow Saw
17:19 Heavy Plow
19:22 Gold Shaft Mining
19:27 Squires
20:18 Scale Mail Armor
22:12 Chain Mail Armor
22:49 Forging
25:20 Iron Casting
24:19 Pikeman
30:00 Arson
35:56 Stone Mining
40:17 Imperial Age
39:48 Fortified Wall
41:09 Fletching
41:54 Chieftains
43:45 Elite Varangian Guard
46:45 Bodkin Arrow
Herby
11:05 Feudal Age
12:11 Double-Bit Axe
12:37 Loom
16:16 Castle Age
14:49 Gold Mining
21:27 Imperial Age
19:49 Bow Saw
22:18 Northmen's Fury
22:35 Capped Ram
29:38 Gold Shaft Mining
31:01 Heavy Scorpion
34:27 Wheelbarrow
34:46 Horse Collar
38:48 Hand Cart
39:58 Heavy Plow
42:46 Forging
42:36 Scale Mail Armor
43:19 Onager
44:40 Siege Engineers
45:13 Siege Onager
48:04 Chemistry
[A2PL]JUANDDCAB
10:08 Feudal Age
14:01 Castle Age
12:45 Double-Bit Axe
17:41 Loom
23:54 Wheelbarrow
23:40 Scale Mail Armor
25:02 Squires
25:16 Forging
27:02 Hand Cart
29:31 Fletching
33:03 Bodkin Arrow
33:35 Bow Saw
37:07 Horse Collar
38:02 Ballistics
37:52 Heavy Plow
41:23 Imperial Age
40:26 Thumb Ring
41:26 Heavy Mounted Crossbowman
41:27 Cranequins
42:16 Padded Archer Armor
42:46 Stone Mining
42:47 Gold Mining
42:44 Town Watch
44:32 Bodkin Arrow
44:52 Leather Archer Armor
46:35 Two-Man Saw
46:07 Bracer
47:11 Chemistry
46:18 Siege Engineers
47:42 Ring Archer Armor
48:12 Bloodlines
48:02 Husbandry
49:42 Conscription
51:16 Crop Rotation
[A2PL]TheOne
10:18 Feudal Age
14:04 Castle Age
12:21 Double-Bit Axe
12:56 Horse Collar
15:47 Bow Saw
20:17 Wheelbarrow
19:30 Town Watch
23:27 Heavy Plow
23:23 Gold Mining
23:24 Stone Mining
25:09 Stone Shaft Mining
26:00 Hand Cart
26:28 Loom
30:20 Imperial Age
28:12 Bloodlines
28:09 Husbandry
28:18 Scale Barding Armor
29:31 Chain Barding Armor
29:22 Forging
29:10 Vendel Legacy
30:27 Cavalier
31:44 Plate Barding Armor
31:38 Conscription
33:10 Iron Casting
32:35 Fletching
33:44 Ballistics
33:48 Arson
34:03 Squires
35:22 Blast Furnace
34:22 Scale Mail Armor
34:41 Gothikon
34:54 Elite Varangian Guard
36:26 Siege Engineers
37:44 Chain Mail Armor
39:25 Chemistry
39:00 Coinage
42:23 Plate Mail Armor
41:49 Bodkin Arrow
42:06 Masonry
43:28 Architecture
46:58 Banking
47:17 Bracer
46:50 Light Cavalry
[A2PL] roqueterpro
5:59 Loom
6:33 Loom
7:22 Loom
9:54 Feudal Age
10:31 Loom
15:20 Fletching
15:38 Town Watch
18:04 Padded Archer Armor
18:08 Horse Collar
22:13 Gold Mining
23:56 Wheelbarrow
25:31 Castle Age
24:55 Double-Bit Axe
25:40 Crossbowman
27:03 Gold Shaft Mining
27:15 Bow Saw
27:59 Bodkin Arrow
28:45 Stone Mining
30:52 Wheelbarrow
32:12 Leather Archer Armor
37:38 Imperial Age
37:24 Ballistics
37:45 Hand Cart
38:40 Masonry
38:11 Treadmill Crane
38:24 Arbalester
40:15 Bracer
40:52 Ring Archer Armor
40:31 Siege Engineers
43:49 Chemistry
43:57 Heavy Plow
44:41 Conscription
47:18 Yeomen
49:07 Warwolf
48:28 Elite Longbowman
A2PL Okr010
10:29 Feudal Age
14:40 Castle Age
13:38 Double-Bit Axe
13:33 Horse Collar
15:57 Bow Saw
15:48 Heavy Plow
26:08 Wheelbarrow
27:56 Hand Cart
30:54 Imperial Age
28:44 Scale Mail Armor
28:55 Forging
29:43 Chain Mail Armor
29:28 Gold Mining
29:29 Stone Mining
29:46 Pikeman
30:16 Gambesons
30:32 Squires
30:18 Arson
31:11 Onager
32:22 Plate Mail Armor
32:27 Iron Casting
32:55 Chemistry
32:41 Gold Shaft Mining
33:00 Siege Onager
33:40 Elite Varangian Guard
34:32 Siege Engineers
35:30 Blast Furnace
36:19 Capped Ram
36:29 Elite Varangian Guard
37:37 Conscription
36:39 Northmen's Fury
37:28 Siege Ram
38:17 Hamask
49:32 Fletching
50:03 Ballistics
49:39 Murder Holes
Connection lost

Rejoining the realm…

Still unreachable

The connection could not be restored.

Session expired

The server has moved on; the page needs a fresh start.